 Dungeon Crawl Stone Soup version 0.22-a0-266-g5fdf0d7 (webtiles) character file.

7002 4thArraOfDagon the Thaumaturge (level 10, 0/71 HPs)
             Began as a Mummy Enchanter on Mar 8, 2018.
             Was an Elder of Sif Muna.
             Slain by a worker ant (7 damage)
             ... on level 11 of the Dungeon.
             The game lasted 00:48:55 (11946 turns).

4thArraOfDagon the Thaumaturge (Mummy Enchanter)   Turns: 11946, Time: 00:48:56

Health: 0/71       AC:  7    Str: 15    XL:     10   Next: 82%
Magic:  37/42      EV: 13    Int: 18    God:    Sif Muna [****..]
Gold:   389        SH:  0    Dex: 12    Spells: 18/30 levels left

rFire    . . .     SeeInvis .   D - +6 falchion of Ikefausu {freeze, *Contam MR+ Str+3}
rCold    + . .     Gourm    .   (no shield)
rNeg     + + +     Faith    .   F - +0 leather armour {rF+}
rPois    ∞         Spirit   .   m - +0 helmet
rElec    .         Reflect  .   (no cloak)
rCorr    .         Harm     .   n - +0 pair of gloves
MR       ++...                  s - +0 pair of boots
Stlth    ++........             c - amulet of magic regeneration
HPRegen  0.21/turn              q - ring of magical power
MPRegen  0.53/turn              j - ring of magical power

@: divine energy
A: no food or potions, fire vulnerability, cold resistance 1, negative energy
resistance 3, torment resistance, unbreathing
a: Stop Divine Energy, Channel Magic, Forget Spell, Renounce Religion


You were on level 11 of the Dungeon.
You worshipped Sif Muna.
Sif Muna was greatly pleased with you.
You were not hungry.

You visited 2 branches of the dungeon, and saw 13 of its levels.
You also visited: Sewer.

You collected 389 gold pieces.

Inventory:

Hand Weapons
 a - a +1 dagger
 b - a +1 short sword of distortion
 d - a +3 morningstar
 k - a +2 hand axe of chopping
 p - a +0 blowgun
 u - a +3 whip of electrocution
 z - a +2 dagger of venom
 A - a +1 hand axe of electrocution
 D - the +6 falchion of Ikefausu (weapon) {freeze, *Contam MR+ Str+3}
   (You found it on level 10 of the Dungeon)

   It has been specially enchanted to freeze those struck by it, causing extra
   injury to most foes and up to half again as much damage against particularly
   susceptible opponents.
   It can also slow down cold-blooded creatures.
   It affects your strength (+3).
   It affects your resistance to hostile enchantments.
   It causes magical contamination when unequipped.
 G - a +3 scimitar of flaming
Armour
 e - a +1 robe of fire resistance
 m - a +0 helmet (worn)
 n - a +0 pair of gloves (worn)
 s - a +0 pair of boots (worn)
 x - a +0 leather armour of poison resistance
 F - a +0 leather armour of fire resistance (worn)
Magical Staves
 w - an uncursed staff of air
Jewellery
 c - an amulet of magic regeneration (around neck)
 i - an uncursed ring of wizardry
 j - a ring of magical power (right hand)
 o - an uncursed ring of wizardry
 q - a ring of magical power (left hand)
 y - a cursed ring of teleportation
Wands
 h - a wand of polymorph (9)
 l - a wand of digging (16)
Scrolls
 f - 2 scrolls of noise
 g - 5 scrolls of remove curse
 r - 2 scrolls of magic mapping
 t - a scroll of enchant armour
 v - a scroll of acquirement
 B - 2 scrolls of torment
 C - a scroll of immolation
 E - a scroll of identify


   Skills:
 - Level 4.1 Fighting
 - Level 3.0 Short Blades
 + Level 4.8 Armour
 - Level 4.0 Dodging
 - Level 2.4 Stealth
 + Level 10.5 Spellcasting
 * Level 9.0 Conjurations
 - Level 2.6 Hexes


You had 18 spell levels left.
You knew the following spells:

 Your Spells              Type           Power        Failure   Level  Hunger
a - Corona                Hex            ###....      3%          1    N/A
b - Ensorcelled Hibernat  Hex/Ice        ##....       8%          2    N/A
c - Confuse               Hex            ###.....     9%          3    N/A
d - Tukima's Dance        Hex            ###.....     9%          3    N/A
e - Dazzling Spray        Conj/Hex       ####..       2%          3    N/A

Dungeon Overview and Level Annotations

Branches:
Dungeon (12/15)            Temple (1/1) D:5            Lair (0/6) D:10
    Orc: D:9-12

Altars:
Ashenzari
Cheibriados
Elyvilon
Fedhas
Gozag
Hepliaklqana
Kikubaaqudgha
Makhleb
Nemelex Xobeh
Okawaru
Ru
Sif Muna
Trog
Vehumet
Wu Jian
Xom
Yredelemnul
Zin
The Shining One

Shops:
D:10 %

Annotations:
D:6 Blork the orc


Innate Abilities, Weirdness & Mutations

You do not eat or drink.
Your flesh is vulnerable to fire.
You are immune to poison.
Your flesh is cold resistant. (rC+)
You are immune to negative energy. (rN+++)
You are immune to unholy pain and torment.
You can survive without breathing.


Message History

Aiming: Dig
Press: ? - help, Shift-Dir - straight line The rock shatters into small pieces.
The worker ant misses you.
You riposte.
You barely miss the worker ant.
The orc priest invokes the aid of Beogh against you.
Beogh smites you!
* * * LOW HITPOINT WARNING * * *
Unknown command.
Unknown command.
Unknown command.
Unknown command.
Unknown command.
Evoke which item? (* to show all) (? for menu, Esc to quit)
Aiming: Dig
Press: ? - help, Shift-Dir - straight line The rock shatters into small pieces.
The worker ant bites you but does no damage.
Unknown command.
The worker ant bites you!
You die...

#.# #######..# #%#
#[))a)o..# #.#
#o#####.))<.# #.# #[#
#####.# ###.# #o#########
# ....# #.o....o..# #####
#######.#.# ## ## ##a.#
##. #.## #@#.# W. #....
#.##..######.#.....
#.###.#.#...........
#.###...#..####..._..
#######
#.....>...............
......#
###.#.###...##.####......
#####.###.....####.###.#
##.#### #.##...........#
#.# #.# ##.##.H##########
#.# #.#


You could see a worker ant.

Vanquished Creatures
  Erica (D:11)
  A two-headed ogre (D:8)
  Joseph (D:8)
  2 hippogriffs (D:9)
  Sigmund (D:3)
  3 wargs (D:10)
  2 dancing weapons
  4 orc warriors
  A sky beast (D:10)
  An eye of draining (D:11)
  A black bear (D:11)
  A phantom (D:10)
  2 ice beasts (D:9)
  3 ogres
  A necrophage (D:8)
  4 centaurs
  3 bullfrogs
  3 big kobolds
  A wyvern zombie (D:11)
  2 scorpions
  3 killer bees
  7 wights
  A howler monkey (D:5)
  3 crimson imps
  7 orc priests
  A quasit (D:11)
  A bullfrog zombie (D:5)
  7 hounds
  3 jellies
  9 orc wizards
  2 bullfrog skeletons (D:8)
  4 iguanas
  3 centaur skeletons
  5 worker ants
  A killer bee zombie (D:5)
  2 hound zombies
  2 hound skeletons (D:6)
  5 gnolls
  10 adders
  5 river rats (Sewer)
  2 shadow imps (D:8)
  4 oozes (Sewer)
  2 adder skeletons
  8 worms
  3 dart slugs (D:1)
  6 leopard geckos
  44 orcs
  11 bats
  11 giant cockroaches
  7 goblins
  7 hobgoblins
  9 jackals
  24 kobolds
  3 quokkas
  3 ball pythons
  7 frilled lizards
  A quokka skeleton (D:5)
  A quokka zombie (D:9)
  35 rats
307 creatures vanquished.

Vanquished Creatures (collateral kills)
  An ogre (D:6)
  A gnoll (D:5)
2 creatures vanquished.

Vanquished Creatures (others)
  7 dancing weapons
  An orc (D:9)
8 creatures vanquished.

Grand Total: 317 creatures vanquished

Notes
Turn   | Place    | Note
-------+----------+-------------------------------------------
     0 | D:1      | 4thArraOfDagon the Mummy Enchanter began the quest for the Orb.
     0 | D:1      | Reached XP level 1. HP: 13/13 MP: 4/4
    30 | D:1      | Reached skill level 1 in Short Blades
   280 | D:1      | Reached XP level 2. HP: 14/19 MP: 5/5
   284 | D:1      | Learned a level 2 spell: Ensorcelled Hibernation
   624 | D:1      | Reached XP level 3. HP: 24/24 MP: 4/7
   629 | D:1      | Learned a level 3 spell: Confuse
   673 | D:1      | Sergey: hello
   681 | D:1      | 4thArraOfDagon: hey
   848 | D:2      | Found an iron altar of Okawaru.
  1104 | D:2      | Reached skill level 3 in Spellcasting
  1167 | D:2      | Reached XP level 4. HP: 24/30 MP: 8/8
  1388 | D:3      | Found a sacrificial altar of Ru.
  1399 | D:3      | Became a worshipper of Ru the Awakened
  1488 | D:3      | Reached skill level 4 in Spellcasting
  1619 | D:3      | Noticed Sigmund
  1657 | D:4      | Reached XP level 5. HP: 24/35 MP: 12/12
  1749 | D:4      | Noticed a phantom
  1817 | D:4      | Learned a level 3 spell: Tukima's Dance
  1824 | D:4      | Learned a level 3 spell: Dazzling Spray
  1839 | D:4      | Noticed an ogre
  1942 | D:5      | Entered Level 5 of the Dungeon
  1985 | D:5      | Found a staircase to the Ecumenical Temple.
  1994 | Temple   | Entered the Ecumenical Temple
  1998 | Temple   | Fell from the grace of Ru
  1998 | Temple   | Became a worshipper of Sif Muna the Loreminder
  2147 | D:4      | Reached skill level 5 in Spellcasting
  2282 | D:4      | Found a glowing drain.
  2286 | Sewer    | Entered a sewer
  2438 | Sewer    | Reached skill level 1 in Conjurations
  2438 | Sewer    | Reached XP level 6. HP: 32/41 MP: 12/14
  2627 | Sewer    | Reached skill level 6 in Spellcasting
  2856 | Sewer    | Reached * piety under Sif Muna
  3007 | D:3      | Killed Sigmund
  3007 | D:3      | Reached XP level 7. HP: 46/46 MP: 13/16
  3112 | D:3      | Found an ancient bone altar of Kikubaaqudgha.
  4149 | D:5      | Found an iron altar of Okawaru.
  4231 | D:5      | HP: 2/46 [gnoll/whip of electrocution (5)]
  4394 | D:5      | Found an ornate altar of the Wu Jian Council.
  4494 | D:5      | Reached skill level 7 in Spellcasting
  5178 | D:6      | Reached ** piety under Sif Muna
  5359 | D:7      | Reached XP level 8. HP: 27/52 MP: 19/19
  5424 | D:6      | Reached skill level 5 in Conjurations
  5586 | D:6      | Noticed Blork the orc
  6111 | D:7      | Reached skill level 8 in Spellcasting
  6291 | D:6      | Reached skill level 1 in Fighting
  6304 | D:6      | Reached skill level 1 in Armour
  6832 | D:8      | Found a sparkling altar of Nemelex Xobeh.
  6836 | D:8      | Noticed Joseph
  6875 | D:8      | Killed Joseph
  6967 | D:8      | Reached XP level 9. HP: 52/61 MP: 21/21
  7378 | D:8      | Noticed a two-headed ogre
  7390 | D:8      | Killed a two-headed ogre
  7532 | D:8      | Found a shattered altar of Ashenzari.
  7589 | D:8      | Reached skill level 9 in Spellcasting
  7609 | D:8      | Reached *** piety under Sif Muna
  8137 | D:9      | Noticed a two-headed ogre
  8959 | D:9      | Reached XP level 10. HP: 48/71 MP: 23/23
  9264 | D:10     | Entered Level 10 of the Dungeon
  9427 | D:11     | Identified a scroll of acquirement
  9496 | D:11     | Found an ancient bone altar of Kikubaaqudgha.
  9724 | D:10     | Found Zoidaryzxe's Food Emporium.
  9807 | D:10     | Got a faintly glowing falchion
  9808 | D:10     | Identified the +6 falchion of Ikefausu {freeze, *Contam MR+ Str+3} (You found it on level 10 of the Dungeon)
 10310 | D:11     | Reached **** piety under Sif Muna
 10871 | D:10     | Reached skill level 10 in Spellcasting
 11095 | D:10     | Found a staircase to the Lair.
 11263 | D:11     | Noticed an unseen horror
 11472 | D:12     | Noticed a manticore
 11549 | D:11     | Noticed Erica
 11567 | D:11     | Killed Erica
 11946 | D:11     | Slain by a worker ant

Vault maps used:
D:1:      saegor_arrival_simple_c, serial_curves, eino_curves_01, eino_curves_02
D:2:      kb_forest_paths, minivault_4, okawaru_gym_becter
D:3:      lemuel_doored_altar, nicolae_ru_sacrificial_ziggurat, uniq_sigmund
D:4:      gup_sewer_entry_spiral, minmay_strange_pillars
D:5:      marbit_many_paths, kennysheep_little_box, lemuel_temple_firewalk_b,
          first_ration
D:6:      minmay_statues_item, kennysheep_generic_room_15, uniq_blork_the_orc
D:8:      cheibrodos_ashenzari_chains, nemelex_xobeh_ov_fountains_minmay,
          grunt_ogre_cave, uniq_joseph
D:9:      serial_bayou_pond_b, serial_bayou_ford_a
D:10:     erik_lair_orcish_takeover, serial_shops, shop
D:11:     david_orc_5, basic_altar, uniq_nergalle, uniq_josephine, uniq_erica
Temple:   nicolae_temple_x_marks_the_god
Sewer:    sewer_minmay_treatment

Skill      XL: |  1  2  3  4  5  6  7  8  9 10 |
---------------+-------------------------------+-----
Short Blades   | 1 2 3 |  3.0
Spellcasting   | 3 4 5 6 7 8 9 10 | 10.5
Conjurations   | 1 3 4 6 7 9 |  9.0
Fighting       | 2 4 |  4.1
Armour         | 1 3 4 |  4.8
Dodging        | 2 3 4 |  4.0
Stealth        | |  2.4
Hexes          | |  2.6

Action                   |  1- 3 |  4- 6 |  7- 9 | 10-12 || total
-------------------------+-------+-------+-------+-------++-------
Melee: Dagger            |    81 |   172 |   140 |    23 ||   416
       Whip              |       |       |   315 |    56 ||   371
       Falchion          |       |       |       |   174 ||   174
 Cast: Corona            |     8 |       |    15 |    17 ||    40
       Ensorcelled Hiber |    64 |    86 |    52 |       ||   202
       Confuse           |       |    12 |    67 |    38 ||   117
       Tukima's Dance    |       |     2 |    22 |     5 ||    29
Invok: Divine Energy     |       |       |     1 |       ||     1
Evoke: Wand              |       |     1 |     2 |     2 ||     5
  Use: Scroll            |     3 |     4 |    11 |     4 ||    22
 Stab: Sleeping          |    37 |    50 |    34 |     1 ||   122
       Confused          |       |     6 |    12 |     9 ||    27
Armor: Robe              |    30 |    22 |    12 |       ||    64
       Ring mail         |       |     5 |       |       ||     5
       Leather armour    |       |       |   102 |    75 ||   177
Dodge: Dodged            |    75 |   103 |   307 |   177 ||   662
       Rpst.: Falchion   |       |       |       |    35 ||    35

Table legend:
 A = Spawn XP
 B = Non-spawn XP
 C = Spawn XP percentage of total XP
 D = Spawn monster count
 E = Non-spawn monster count
 F = Spawn count percentage of total count
 G = Total turns spent on level
                    A         B        C        D         E        F      G
               +---------+---------+-------+---------+---------+-------+---------
         Total |       0 |   10004 |   0.0 |       0 |     308 |   0.0 | 11946
               +---------+---------+-------+---------+---------+-------+---------
           D:1 |       0 |      72 |   0.0 |       0 |      32 |   0.0 |  1014
           D:2 |       0 |      81 |   0.0 |       0 |      31 |   0.0 |   794
           D:3 |       0 |     223 |   0.0 |       0 |      26 |   0.0 |   740
           D:4 |       0 |      79 |   0.0 |       0 |       9 |   0.0 |   632
           D:5 |       0 |     283 |   0.0 |       0 |      15 |   0.0 |  1138
           D:6 |       0 |     796 |   0.0 |       0 |      19 |   0.0 |  1125
           D:7 |       0 |     425 |   0.0 |       0 |      18 |   0.0 |   682
           D:8 |       0 |    1805 |   0.0 |       0 |      29 |   0.0 |  1090
           D:9 |       0 |    1591 |   0.0 |       0 |      28 |   0.0 |  1488
          D:10 |       0 |    1189 |   0.0 |       0 |      18 |   0.0 |  1240
          D:11 |       0 |    3085 |   0.0 |       0 |      35 |   0.0 |  1367
         Sewer |       0 |     375 |   0.0 |       0 |      48 |   0.0 |   625
               +---------+---------+-------+---------+---------+-------+---------
